 Dungeon Crawl Stone Soup version 0.25-a0-705-ge9988fc0fb (webtiles) character file.

Game seed: 7960927211527928655, levelgen mode: deterministic

140 Brecoman the Skirmisher (level 5, 0/42 HPs)
             Began as a Demonspawn Monk on Apr 4, 2020.
             Hit by a boomerang thrown by a hobgoblin (2 damage)
             ... on level 2 of the Dungeon.
             The game lasted 00:06:38 (2520 turns).

Brecoman the Skirmisher (Demonspawn Monk)           Turns: 2520, Time: 00:06:38

Health: 0/42       AC: 10    Str: 12    XL:     5   Next: 2%
Magic:  5/5        EV:  3    Int: 11    God:
Gold:   68         SH:  0    Dex: 16    Spells: 4/4 levels left

rFire    + . .     SeeInvis .   a - +0 hand axe
rCold    . . .     Gourm    .   (no shield)
rNeg     . . .     Faith    .   q - +0 plate armour
rPois    .         Spirit   .   (helmet restricted)
rElec    .         Reflect  .   (no cloak)
rCorr    .         Harm     .   (no gloves)
MR       .....                  (no boots)
Stlth    ..........             (no amulet)
HPRegen  0.14/turn              (no ring)
MPRegen  0.09/turn              (no ring)

@: lethally poisoned (0 -> -1)
A: horns 1, fire resistance 1, spiny 1
a: no special abilities


You were on level 2 of the Dungeon.
You were not hungry.

You visited 1 branch of the dungeon, and saw 2 of its levels.

You collected 68 gold pieces.

Inventory:

Hand Weapons
 a - a +0 hand axe (weapon)
Missiles
 e - 86 stones (quivered)
Armour
 b - a +0 robe
 n - a +0 animal skin
 o - a +0 chain mail
 q - a +0 plate armour (worn)
Scrolls
 d - 3 scrolls of identify {unknown}
 g - 2 scrolls of blinking {unknown}
 i - a scroll of immolation {unknown}
 j - 2 scrolls of random uselessness {unknown}
 k - a scroll of remove curse {unknown}
Potions
 f - a potion of lignification {unknown}
 h - a potion of flight {unknown}
 l - a potion of degeneration {unknown}
 p - a potion of curing {unknown}
Comestibles
 c - 6 rations
 m - 3 chunks of flesh


   Skills:
 + Level 4.1 Fighting
 + Level 3.6 Axes
 + Level 0.2 Armour
 + Level 3.7 Dodging
 - Level 1.7 Stealth


You had 4 spell levels left.
You didn't know any spells.
Your spell library was empty.

Dungeon Overview and Level Annotations

Branches:
Dungeon (2/15)

Altars:
Cheibriados
Vehumet


Innate Abilities, Weirdness & Mutations

You have a pair of small horns on your head.
Your flesh is heat resistant. (rF+)
You are partially covered in sharp spines.


Message History

You feel sick.
* * * LOW HITPOINT WARNING * * *
You feel sick.
* * * LOW HITPOINT WARNING * * *
You feel sick.
* * * LOW HITPOINT WARNING * * *
You feel sick.
* * * LOW HITPOINT WARNING * * *
You feel sick.
You see here a sling bullet.
* * * LOW HITPOINT WARNING * * *
You feel sick.
* * * LOW HITPOINT WARNING * * *
You feel sick.
The hobgoblin throws a boomerang.
The boomerang hits you but does no damage.
The weapon returns to the hobgoblin!
* * * LOW HITPOINT WARNING * * *
You feel sick.
The hobgoblin throws a boomerang.
The boomerang hits you.
You die...

#.......# .#
#####g##### #...(....#
#........#
########........#
..!S............#
...........)....#
................#
...(...........@#
.......................
..........#############
###########


You could see a hobgoblin.

Vanquished Creatures
  Jessica (D:2)
  Terence (D:2)
  Robin (D:1)
  3 adders
  A dart slug (D:1)
  A leopard gecko (D:1)
  A giant cockroach (D:1)
  14 goblins
  11 hobgoblins
  3 jackals (D:1)
  3 kobolds (D:1)
  2 bats (D:1)
  2 frilled lizards (D:1)
  2 rats (D:1)
46 creatures vanquished.

Notes
Turn   | Place    | Note
-------+----------+-------------------------------------------
     0 | D:1      | Brecoman the Demonspawn Monk began the quest for the Orb.
     0 | D:1      | Reached XP level 1. HP: 18/18 MP: 1/1
   100 | D:1      | Gained mutation: You have a pair of small horns on your
                  | head. [demonic ancestry]
   100 | D:1      | Reached XP level 2. HP: 17/24 MP: 2/2
   722 | D:1      | Gained mutation: Your flesh is heat resistant. (rF+)
                  | [demonic ancestry]
   722 | D:1      | Reached XP level 3. HP: 21/29 MP: 3/3
  1082 | D:2      | Noticed Robin
  1783 | D:1      | Killed Robin
  2069 | D:2      | Found a radiant altar of Vehumet.
  2095 | D:2      | Noticed Terence
  2105 | D:2      | Killed Terence
  2105 | D:2      | Reached XP level 4. HP: 26/37 MP: 4/4
  2200 | D:2      | Noticed Jessica
  2210 | D:2      | Killed Jessica
  2210 | D:2      | Reached skill level 4 in Fighting
  2441 | D:2      | Found a snail-covered altar of Cheibriados.
  2504 | D:2      | Gained mutation: You are partially covered in sharp spines.
                  | [demonic ancestry]
  2504 | D:2      | Reached XP level 5. HP: 9/42 MP: 5/5
  2520 | D:2      | HP: 2/42 [poisoned by an adder]
  2520 | D:2      | Hit by a boomerang thrown by a hobgoblin

Levels and vault maps discovered:
D:1:      sevenhm_arrival_forest_fort_small_6, layout_rooms
D:2:      layout_basic, nicolae_overflow_hidden_temple, fiery_altar_vehumet,
          first_ration, uniq_jessica, uniq_robin, uniq_terence

Skill      XL: |  1  2  3  4 |
---------------+-------------+-----
Dodging        | 3 |  3.7
Axes           | 3 |  3.6
Fighting       | 4 |  4.1
Armour         | |  0.2
Stealth        | |  1.7

Action                   |  1- 3 |  4- 6 || total
-------------------------+-------+-------++-------
Melee: Hand axe          |   110 |    40 ||   150
       Headbutt          |    20 |     4 ||    24
  Eat: Chunk             |     4 |     1 ||     5
Armor: Robe              |    18 |       ||    18
       Chain mail        |     6 |    17 ||    23
       Plate armour      |       |    18 ||    18
Dodge: Dodged            |    98 |     5 ||   103

Table legend:
 A = Non-vault XP
 B = Vault XP
 C = Vault XP percentage of total XP
 D = Non-vault monster count
 E = Vault monster count
 F = Vault count percentage of total count
                 A         B        C        D         E       F
            +---------+---------+-------+---------+---------+-------
      Total |      90 |     111 |  55.2 |      31 |      15 |  32.6
            +---------+---------+-------+---------+---------+-------
        D:1 |      60 |      35 |  36.8 |      27 |      11 |  28.9
        D:2 |      30 |      76 |  71.7 |       4 |       4 |  50.0
            +---------+---------+-------+---------+---------+-------
